 Dungeon Crawl Stone Soup version 0.30.0-20-g3b4254fcbd (webtiles) character file.

Game seed: 15359597527417009958

2135 Peloso the Carver (level 9, -1/77 HPs)
             Began as a Minotaur Fighter on June 2, 2023.
             Was an Initiate of Okawaru.
             Slain by a hornet (7 damage)
             ... on level 7 of the Dungeon.
             The game lasted 00:11:43 (6204 turns).

Peloso the Carver (Minotaur Fighter)                Turns: 6204, Time: 00:11:45

Health: -1/77      AC: 15    Str: 23    XL:     9   Next: 9%
Magic:  8/8        EV:  7    Int:  5    God:    Okawaru [......]
Gold:   369        SH:  5    Dex: 12    Spells: 8/8 levels left

rFire   . . .        b - +3 long sword
rCold   . . .        d - +0 buckler
rNeg    . . .        p - +0 plate armour
rPois   .            (helmet restricted)
rElec   .            (no cloak)
rCorr   .            (no gloves)
SInv    .            c - +0 pair of boots
Will    .....        (no amulet) Stlth
                     (no ring)
HPRegen 0.32/turn    (no ring)
MPRegen 0.11/turn

%: no passive effects
@: mighty, lethally poisoned (-1 -> -2), slowed, very slow
A: horns 2, retaliatory headbutt
a: Renounce Religion


You were on level 7 of the Dungeon.
You worshipped Okawaru.
Okawaru was noncommittal.
You visited 2 branches of the dungeon, and saw 8 of its levels.

You collected 369 gold pieces.

Inventory:

Hand Weapons
 a - a +2 hand axe of flaming
 b - a +3 long sword (weapon)
Armour
 c - a +0 pair of boots (worn)
 d - a +0 buckler (worn)
 i - a +0 chain mail
 p - a +0 plate armour (worn)
Jewellery
 y - an amulet of the acrobat
Wands
 k - a wand of flame (25)
Scrolls
 g - a scroll of brand weapon
 j - 7 scrolls of identify {unknown}
 l - 3 scrolls of enchant armour {unknown}
 n - 2 scrolls of noise {unknown}
 q - 3 scrolls of magic mapping {unknown}
 r - a scroll of blinking {unknown}
 s - 3 scrolls of teleportation
 v - a scroll of amnesia {unknown}
Potions
 e - a potion of cancellation {unknown}
 f - 4 potions of might
 h - a potion of curing
 m - 2 potions of degeneration {unknown}
 o - a potion of mutation {unknown}
 t - a potion of haste {unknown}
 u - 2 potions of flight {unknown}
 w - a potion of heal wounds {unknown}
 x - a potion of berserk rage {unknown}
 z - a potion of brilliance {unknown}


   Skills:
 + Level 6.3 Fighting
 + Level 9.6 Long Blades
 + Level 8.5 Armour
 + Level 1.7 Dodging
 + Level 1.0 Stealth
 + Level 6.1 Shields


You had 8 spell levels left.
You didn't know any spells.
Your spell library contained the following spells:

 Spells                   Type           Power      Damage    Failure   Level
 Apportation              Tloc           0%         N/A       100%        1
 Necrotise                Necr           0%         1d4       100%        1
 Blink                    Tloc           0%         N/A       100%        2
 Ensorcelled Hibernation  Hex/Ice        0%         N/A       100%        2
 Lesser Beckoning         Tloc           0%         N/A       100%        2
 Momentum Strike          Conj/Tloc      0%         3d8       100%        2
 Passwall                 Tmut/Erth      0%         N/A       100%        2
 Gell's Gravitas          Tloc           0%         N/A       100%        3
 Swiftness                Air            0%         N/A       100%        3
 Teleport Other           Tloc           0%         N/A       100%        3
 Summon Small Mammal      Summ           Unusable   N/A       N/A         1

Dungeon Overview and Level Annotations

Branches:
Dungeon (7/15)             Temple (1/1) D:6

Altars:
Ashenzari
Dithmenos
Gozag
Kikubaaqudgha
Nemelex Xobeh
Okawaru
Ru
Uskayaw
Wu Jian
Yredelemnul
Zin
The Shining One

Annotations:
D:3 1 runed translucent door, Crazy Yiuf
D:5 Dig
D:6 1 runed translucent door, dvd2's ghost, novice HuFi


Innate Abilities, Weirdness & Mutations

You have a pair of horns on your head.
You reflexively headbutt those who attack you in melee.


Message History

You hit the hornet.
The hornet is moderately wounded.
The hornet stings you but does no damage. x2
You closely miss the hornet. Your headbutt misses the hornet.
The hornet is moderately wounded.
You block the hornet's attack. x2
You hit the hornet.
The hornet is moderately wounded.
The hornet stings you but does no damage. x2
The hornet stings you!
* * * LOW HITPOINT WARNING * * *
You are poisoned.
You feel as though you will be slow longer.
It was a potion of curing.
You feel better. The hornet stings you.
* * * LOW HITPOINT WARNING * * *
You are poisoned.
You feel as though you will be slow longer.
The hornet stings you but does no damage.
Unknown command.
You hit the hornet.
The hornet is moderately wounded.
You feel very sick. You block the hornet's attack.
The hornet barely misses you.
Unknown command.
You feel very mighty all of a sudden.
You feel sick.
The hornet stings you but does no damage. x2
You closely miss the hornet.
The hornet is moderately wounded.
You feel sick.
The hornet stings you but does no damage. x2
Unknown command.
You barely miss the hornet.
The hornet is moderately wounded.
You feel sick. The hornet stings you!
* * * LOW HITPOINT WARNING * * *
You feel as though you will be slow longer.
The hornet stings you but does no damage.
The hornet stings you!
You die...

#..............
##..............
#...............
#...............
##...........?$..
#............(...
##...............
##..............
#........@.......
......#...=y......
...#####..........
.## ##.........
#.........
..........
..........
.........#.


You could see a hornet.

Vanquished Creatures
  2 ice beasts
  3 phantoms
  A kobold brigand (D:6)
  A necrophage (D:5)
  A gnoll sergeant (D:6)
  2 water moccasin zombies (D:5)
  6 wights
  2 howler monkeys
  2 vampire bats (D:4)
  2 hounds
  2 bullfrog zombies (D:5)
  A jelly (D:6)
  3 orc priests
  A human zombie (D:5)
  5 sleepcaps
  Jessica (D:3)
  Terence (D:3)
  A scorpion zombie (D:5)
  Ijyb (D:3)
  4 iguanas
  2 orc wizards
  A hound zombie (D:5)
  A mummy (D:5)
  15 gnolls
  3 adders
  2 white imps (D:6)
  4 worms
  2 dart slugs (D:5)
  13 orcs
  6 ball pythons
  3 bat skeletons (D:4)
  A bat zombie (D:4)
  4 endoplasms
  2 giant cockroaches (D:4)
  5 goblins
  7 hobgoblins
  2 jackals (D:4)
  13 kobolds
  3 quokkas
  6 bats
  2 frilled lizards
  5 rats
144 creatures vanquished.

Notes
Turn   | Place    | Note
-------+----------+-------------------------------------------
     0 | D:1      | Peloso the Minotaur Fighter began the quest for the Orb.
     0 | D:1      | Reached XP level 1. HP: 19/19 MP: 0/0
   410 | D:1      | Reached XP level 2. HP: 27/27 MP: 1/1
  1144 | D:1      | Reached skill level 3 in Long Blades
  1144 | D:1      | Reached XP level 3. HP: 28/33 MP: 2/2
  1661 | D:2      | Reached XP level 4. HP: 36/41 MP: 3/3
  2010 | D:3      | Noticed Terence
  2019 | D:3      | Killed Terence
  2020 | D:3      | Reached skill level 4 in Long Blades
  2112 | D:3      | Reached XP level 5. HP: 40/47 MP: 4/4
  2385 | D:3      | Noticed Jessica
  2389 | D:3      | Killed Jessica
  2457 | D:3      | Reached skill level 5 in Long Blades
  2457 | D:3      | Reached skill level 5 in Armour
  2513 | D:3      | Found a runed translucent door.
  2514 | D:3      | Noticed Crazy Yiuf
  2609 | D:3      | Noticed Ijyb
  2625 | D:3      | Killed Ijyb
  2626 | D:3      | Reached XP level 6. HP: 25/53 MP: 5/5
  2962 | D:3      | Found a glowing golden altar of the Shining One.
  3286 | D:4      | Found an ancient bone altar of Kikubaaqudgha.
  3303 | D:4      | Reached skill level 1 in Dodging
  3391 | D:4      | Reached skill level 5 in Fighting
  3391 | D:4      | Reached skill level 6 in Long Blades
  3583 | D:4      | Found an opulent altar of Gozag.
  3590 | D:4      | Found a hide-covered altar of Uskayaw.
  3608 | D:4      | Found a shadowy altar of Dithmenos.
  3794 | D:4      | Reached XP level 7. HP: 56/61 MP: 6/6
  3869 | D:5      | Entered Level 5 of the Dungeon
  3982 | D:5      | Found a glowing silver altar of Zin.
  4173 | D:5      | Reached skill level 7 in Long Blades
  4541 | D:5      | Reached XP level 8. HP: 69/69 MP: 7/7
  4560 | D:5      | Reached skill level 5 in Shields
  4594 | D:5      | Reached skill level 8 in Long Blades
  4596 | D:5      | Found a basalt altar of Yredelemnul.
  4946 | D:6      | Found a sacrificial altar of Ru.
  5277 | D:6      | Found a runed translucent door.
  5288 | D:6      | Reached skill level 9 in Long Blades
  5657 | D:6      | Found a staircase to the Ecumenical Temple.
  5828 | D:6      | Noticed dvd2's ghost (novice HuFi)
  5875 | Temple   | Entered the Ecumenical Temple
  5902 | Temple   | Became a worshipper of Warmaster Okawaru
  6101 | D:6      | Reached skill level 1 in Stealth
  6101 | D:6      | Reached XP level 9. HP: 75/75 MP: 8/8
  6204 | D:7      | Slain by a hornet

Illustrated notes

Levels and vault maps discovered:
D:1:      amcnicky_arrival_wind_blow, layout_basic
D:2:      layout_basic, serial_curves, eino_curves_02, eino_curves_04,
          grunt_ministairs_13
D:3:      layout_rooms, lemuel_coloured_pillars_altar, nrook_mini_backslash,
          corexii_leaking_fountain, uniq_terence, uniq_crazy_yiuf_cottage,
          uniq_ijyb, uniq_jessica
D:4:      layout_loops_ring, kennysheep_vampire_church,
          minmay_overflow_temple_star_quad, minmay_small_thing
D:5:      layout_loops_ring, lemuel_mausoleum_altar_yredelemnul, zin_scriptorium
D:6:      layout_basic, old_standard_altar, minmay_temple_entry_enclosed_plants,
          ebering_ghost_reflecting_pool, st_stairs_14
D:7:      layout_layer_cave, nzn_hepliaklqana_mist_gate, chei_slow_surprise
Temple:   jpeg_temple_clearing

Skill      XL: |  1  2  3  4  5  6  7  8 |
---------------+-------------------------+-----
Armour         | 4 5 6 8 |  8.5
Long Blades    | 3 4 5 6 7 9 |  9.6
Fighting       | 4 5 6 |  6.3
Shields        | 4 6 |  6.1
Dodging        | 1 |  1.7
Stealth        | 1 |  1.0

Action                     |  1- 3 |  4- 6 |  7- 9 || total
---------------------------+-------+-------+-------++-------
  Melee: Long sword        |    83 |   135 |   212 ||   430
         Headbutt          |     9 |    12 |    37 ||    58
    Use: Potion            |     2 |       |     2 ||     4
         Scroll            |     1 |     1 |       ||     2
 Armour: Scale mail        |    41 |     3 |       ||    44
         Chain mail        |       |    72 |       ||    72
         Skin              |       |     1 |       ||     1
         Plate armour      |       |     2 |   161 ||   163
  Dodge: Dodged            |    47 |    57 |    71 ||   175
  Block: Buckler           |    12 |    33 |    67 ||   112
